 Dungeon Crawl Stone Soup version 0.17-a0-2073-gde5cdba (webtiles) character file.

4352 Kidiri the Thaumaturge (level 10, -14/69 HPs)
             Began as a White Draconian Conjurer on Oct 14, 2015.
             Was an Initiate of Vehumet.
             Demolished by an orc warrior
             ... wielding a +0 halberd
              (21 damage)
             ... in a bailey.
             The game lasted 01:01:20 (16314 turns).

Kidiri the Thaumaturge (White Draconian Conjurer)  Turns: 16314, Time: 01:01:21

Health: -14/69     AC:  7    Str:  9 (10) XL:     10   Next: 12%
Magic:  0/31       EV: 13    Int: 15 (17) God:    Vehumet [......]
Gold:   524        SH:  0    Dex:  9 (12) Spells: 6 memorised, 6 levels left

rFire  . . .     SeeInvis .     v - +2 short sword
rCold  + . .     Clarity  .     (armour unavailable)
rNeg   . . .     SustAt   .     (no shield)
rPois  .         Gourm    .     (helmet restricted)
rElec  .         Spirit   .     (no cloak)
rCorr  .         Warding  .     (no gloves)
rMut   .         Stasis   .     (no boots)
MR     .....                    (no amulet)
Stlth  +++.......               w - ring of flight
                                f - ring of magical power

@: very slightly contaminated, not resistant to hostile enchantments, fairly
stealthy
A: breathe frost, unfitting armour, cold resistance 1, deterioration 1, dopey 1,
cold-blooded, MP-powered wands, AC +7
a: Breathe Frost, Renounce Religion, Evoke Flight


You were in a bailey.
You worshipped Vehumet.
Vehumet was noncommittal.
You were not hungry.

You visited 2 branches of the dungeon, and saw 10 of its levels.
You also visited: Bailey.

You collected 524 gold pieces.

Inventory:

Hand Weapons
 v - a +2 short sword (weapon)
Missiles
 c - 382 stones (quivered)
Jewellery
 a - an uncursed ring of protection from magic
 f - a ring of magical power (left hand)
 w - a ring of flight (right hand)
Wands
 l - a wand of polymorph (4)
Scrolls
 b - 3 scrolls of enchant armour
 h - 2 scrolls of fog
 k - 2 scrolls of recharging
 p - 6 scrolls of remove curse
 q - a scroll of fear
 t - 2 scrolls of identify
Potions
 d - 2 potions of flight
 e - a potion of resistance
Comestibles
 i - 4 fruits
 o - a beef jerky


   Skills:
 + Level 5.7 Dodging
 + Level 6.1 Stealth
 * Level 8.2 Spellcasting
 + Level 7.3 Conjurations
 + Level 5.0 Hexes
 + Level 1.0 Charms


You had 6 spell levels left.
You knew the following spells:

 Your Spells              Type           Power        Failure   Level  Hunger
a - Magic Dart            Conj           ####         1%          1    None
b - Searing Ray           Conj           ####..       1%          2    None
c - Dazzling Spray        Conj/Hex       ###.....     2%          3    ##.....
d - Iskenderun's Mystic   Conj           ####....     8%          4    ####...
e - Fulminant Prism       Conj/Hex       ###.......   12%         4    ####...
f - Iskenderun's Battles  Conj/Chrm      ###.....     67%         5    #####..


Dungeon Overview and Level Annotations

Branches:
Dungeon (9/15)             Temple (1/1) D:4
   Lair: D:8-11         Orc: D:9-12

Altars:
Ashenzari
Cheibriados
Dithmenos
Elyvilon
Fedhas
Gozag
Kikubaaqudgha
Nemelex Xobeh
Okawaru
Qazlal
Ru
Sif Muna
Trog
Vehumet
Xom
Yredelemnul
Zin
The Shining One

Annotations:
Bailey brucemayne's ghost, novice DDGl


Innate Abilities, Weirdness & Mutations

You can breathe waves of freezing cold.
You can buffet flying creatures when you breathe cold.
Your icy white scales are hard (AC +7).
Your body does not fit into most forms of armour.
Your flesh is cold resistant.
You are cold-blooded and may be slowed by cold attacks.
Your body sometimes deteriorates upon taking damage.
You are dopey. (Int -2)
You expend magic power (3 MP) to strengthen your wands.


Message History

The spray of energy hits the orc warrior.
The orc warrior is heavily wounded.
The orc warrior is dazzled.
The spray of energy misses brucemayne's ghost.
Brucemayne's ghost hits you!
* * * LOW HITPOINT WARNING * * *
The orc warrior barely misses you.
Your fulminant prism crackles loudly.
Casting: Dazzling Spray
Confirm with . or Enter, or press ? or * to list all spells.
Aiming: Magic Dart
Press: ? - help, Shift-Dir - straight line, f - brucemayne's ghost, p - orc warrior
Aim: brucemayne's ghost (water, moderately damaged)
The magic dart hits brucemayne's ghost.
Brucemayne's ghost is moderately damaged.
Brucemayne's ghost says, "I'll split you in two!"
Brucemayne's ghost hits you.
* * * LOW HITPOINT WARNING * * *
The orc warrior hits you with a halberd!!
You die...

###########
##.........##
##..≈≈≈≈≈≈≈..#
##..≈≈.....≈≈..
##########..≈≈..###..≈..
#..........≈≈..## ##...#
#.≈≈*≈W≈≈≈≈≈.)## #####
#.≈...o@.....##
#.≈.########## #
#.≈.##.....# #
#.≈..##...# #.≈≈.)##.##
##.≈≈..#'# #∩.≈≈..#'#
≈..⌠⌠ #.≈≈..## #
≈§oo...≈ #.≈..## .≈§§≈§≈


You could see an orc warrior (blind) and brucemayne's ghost.

Vanquished Creatures
  Grinder (D:5)
  Sigmund (D:3)
  A hungry ghost (D:6)
  2 water moccasins
  2 sky beasts
  2 ice beasts
  2 orc warriors
  3 phantoms
  2 centaurs
  9 ogres
  A big kobold (D:7)
  6 giant frogs
  The ghost of WildSam the Poker, a weakling DsCK of Xom (D:3)
  A scorpion (D:5)
  3 wights (D:8)
  7 electric eels (D:6)
  2 crimson imps
  A hound (D:7)
  3 jellies
  4 orc wizards
  3 iguanas
  2 orc priests (D:6)
  A quasit (D:9)
  A giant frog skeleton (D:7)
  6 worker ants
  A hound zombie (D:5)
  8 gnolls
  10 adders
  2 shadow imps
  An adder zombie (D:6)
  An adder skeleton (D:8)
  3 worms (D:2)
  3 giant geckos
  36 orcs
  8 bats
  4 giant cockroaches
  39 goblins
  35 hobgoblins
  4 quokkas
  3 ball pythons
  8 giant newts
  20 kobolds
  8 rats
  2 plants (D:1)
263 creatures vanquished.

Vanquished Creatures (others)
  9 fulminant prisms
9 creatures vanquished.

Grand Total: 272 creatures vanquished

Notes
Turn   | Place    | Note
--------------------------------------------------------------
     0 | D:1      | Kidiri the Draconian Conjurer began the quest for the Orb.
     0 | D:1      | Reached XP level 1. HP: 14/14 MP: 3/3
   653 | D:1      | Reached XP level 2. HP: 20/20 MP: 0/5
   675 | D:1      | Learned a level 2 spell: Searing Ray
  1778 | D:1      | Reached XP level 3. HP: 26/26 MP: 4/6
  1792 | D:1      | Learned a level 3 spell: Dazzling Spray
  2940 | D:2      | Reached XP level 4. HP: 24/33 MP: 0/8
  3038 | D:2      | Found a shadowy altar of Dithmenos.
  3696 | D:3      | Noticed Sigmund
  3712 | D:3      | Killed Sigmund
  3712 | D:3      | Reached skill level 1 in Hexes
  3712 | D:3      | Reached XP level 5. HP: 27/38 MP: 5/10
  4002 | D:3      | Found an ancient bone altar of Kikubaaqudgha.
  4072 | D:3      | Noticed WildSam's ghost (weakling DsCK)
  4092 | D:3      | Killed WildSam's ghost
  4092 | D:3      | Reached XP level 6. HP: 36/45 MP: 0/11
  4188 | D:3      | Learned a level 4 spell: Iskenderun's Mystic Blast
  5300 | D:4      | Learned a level 4 spell: Fulminant Prism
  5457 | D:4      | Found a staircase to the Ecumenical Temple.
  5466 | Temple   | Entered the Ecumenical Temple
  5874 | D:4      | Reached skill level 5 in Conjurations
  5874 | D:4      | Your scales start taking on an icy white colour.
  5874 | D:4      | Gained mutation: Your flesh is cold resistant. [White Draconian growth]
  5874 | D:4      | Reached XP level 7. HP: 30/50 MP: 0/14
  6070 | D:5      | Entered Level 5 of the Dungeon
  6582 | D:5      | Reached skill level 5 in Spellcasting
  6934 | D:5      | Noticed Grinder
  6934 | D:5      | Paralysed by Grinder for 6 turns
  6951 | D:5      | Killed Grinder
  7219 | D:5      | Reached XP level 8. HP: 57/57 MP: 11/16
  8417 | D:6      | Reached skill level 6 in Spellcasting
  8485 | D:6      | Learned a level 5 spell: Iskenderun's Battlesphere
  9497 | D:6      | Reached XP level 9. HP: 47/62 MP: 19/19
  9952 | D:6      | Reached skill level 5 in Stealth
 10346 | D:6      | Reached skill level 5 in Dodging
 10346 | D:6      | Reached skill level 7 in Spellcasting
 12039 | D:6      | Noticed a stone giant
 13114 | D:7      | Gained mutation: You are clumsy. (Dex -2) [mutagenic meat]
 13115 | D:7      | Gained mutation: You expend magic power (3 MP) to strengthen your wands. [mutagenic meat]
 13116 | D:7      | Gained mutation: Your mind is acute. (Int +2) [mutagenic meat]
 13117 | D:7      | Gained mutation: Your body sometimes deteriorates upon taking damage. [mutagenic meat]
 13119 | D:7      | Lost mutation: Your mind is acute. (Int +2) [mutagenic meat]
 13325 | D:7      | Found a glowing golden altar of the Shining One.
 13327 | D:7      | Found a shattered altar of Ashenzari.
 14156 | D:8      | Lost mutation: You are clumsy. (Dex -2) [mutagenic meat]
 14157 | D:8      | Gained mutation: You are dopey. (Int -2) [mutagenic meat]
 14477 | D:8      | Reached skill level 8 in Spellcasting
 14491 | D:8      | Reached XP level 10. HP: 56/69 MP: 11/22
 14650 | D:8      | Reached skill level 5 in Hexes
 15398 | D:7      | Found a radiant altar of Vehumet.
 15398 | D:7      | Found an iron altar of Okawaru.
 15418 | D:7      | Became a worshipper of Vehumet
 15460 | D:9      | Found a flagged portal.
 15467 | Bailey   | Entered a bailey
 15634 | Bailey   | Noticed brucemayne's ghost (novice DDGl)
 15714 | Bailey   | Reached skill level 1 in Charms
 15872 | Bailey   | Noticed an orc knight
 15886 | Bailey   | Noticed an orc knight
 15939 | Bailey   | HP: 1/69 [brucemayne's ghost (15)]
 16314 | Bailey   | Demolished by an orc warrior

Vault maps used:
D:1:      tarquinn_simple_flora_water_f
D:2:      nicolae_overflow_crystal_walls
D:3:      overflow_temple_1_default, uniq_sigmund
D:4:      minmay_temple_entry_butterflies, first_bread,
          eino_small_chamber_without_monster
D:5:      uniq_grinder
D:6:      minmay_goblin_kobold_castle
D:7:      nicolae_overflow_hidden_temple, hex_large
D:9:      lemuel_coloured_pillars_altar, grunt_lair_entry_elf_guard_hut,
          special_room, serial_shops, nicolae_shop_waterfront, enter_bailey_3
Temple:   circular_temple_12
Bailey:   bailey_polearm_1, bailey

Action                   |  1- 3 |  4- 6 |  7- 9 | 10-12 || total
-------------------------+-------+-------+-------+-------++-------
Melee: Unarmed           |   572 |       |       |       ||   572
       Club              |     2 |       |       |       ||     2
       Dagger            |    58 |    74 |       |       ||   132
       Whip              |     5 |       |       |       ||     5
       Short sword       |       |       |   231 |    14 ||   245
 Cast: Magic Dart        |    60 |    81 |   319 |    54 ||   514
       Dazzling Spray    |     3 |    20 |    84 |    29 ||   136
       Searing Ray       |     3 |     3 |     6 |     4 ||    16
       Fulminant Prism   |       |       |     7 |     3 ||    10
 Abil: Evoke Flight      |       |       |       |     2 ||     2
Evoke: Wand              |       |       |     1 |     1 ||     2
  Use: Scroll            |     4 |     3 |     9 |     1 ||    17
       Potion            |     1 |     3 |     2 |     5 ||    11
 Stab: Sleeping          |     4 |     4 |     1 |     2 ||    11
       Invisible         |     1 |     3 |     7 |       ||    11
  Eat: Bread ration      |     2 |       |     3 |       ||     5
       Chunk             |     2 |     3 |    33 |     1 ||    39
       Meat ration       |       |     2 |     1 |     2 ||     5
       Fruit             |       |       |     2 |       ||     2
